[ AOE2 MATCH · #495965793 ]
UnrankedMongols vs Bengalis
Player's team · LOSS
Rival team · WIN
[ REPLAY ANALYSIS · EXTRACTED FROM THE RECORDED GAME ]
Feudal
10:06
Castle
14:07
Imperial
—
| APM avg | 83.3 |
| APM peak | 188 |
| eAPM avg | 50.8 |
| Villagers / military | 75 / 57 |
Focus
⚔️ 70.1% · 🌾 29.9%
Mangudai ×57
Feudal
8:52
Castle
19:06
Imperial
—
| APM avg | 83.8 |
| APM peak | 148 |
| eAPM avg | 26.0 |
| Villagers / military | 69 / 64 |
Focus
⚔️ 43.6% · 🌾 56.4%
Archer ×63 · Spearman ×1
Match map
Initial resources + every placement click. Lines = walls · curves = elevation contours. ◆ gold · ⬟ stone · ● berries · ✦ relic · ◌ wall gap
Your base· Open — unwalled flank
HR AboKeiTo's base· Open — unwalled flank
Smoothed initial terrain · ◌ = detected wall gap · hover for details
Inputs per minute
— John II - - HR AboKeiTo
Build order — John II
First 150 of 187 actions detected
| 0:01 | Create | Villager (Male) ×4 |
| 0:02 | Build | House |
| 0:02 | Build | House |
| 1:27 | Create | Villager (Male) |
| 1:28 | Create | Villager (Male) |
| 1:28 | Create | Villager (Male) |
| 1:59 | Create | Villager (Male) |
| 1:59 | Create | Villager (Male) |
| 2:00 | Create | Villager (Male) |
| 2:17 | Create | Villager (Male) |
| 2:17 | Create | Villager (Male) |
| 2:18 | Create | Villager (Male) |
| 2:45 | Build | Mill |
| 2:53 | Create | Villager (Male) |
| 2:53 | Create | Villager (Male) |
| 2:53 | Create | Villager (Male) |
| 2:54 | Create | Villager (Male) |
| 3:03 | Create | Villager (Male) |
| 3:03 | Create | Villager (Male) |
| 3:46 | Create | Villager (Male) |
| 3:47 | Create | Villager (Male) |
| 3:47 | Create | Villager (Male) |
| 3:47 | Create | Villager (Male) |
| 3:56 | Build | House |
| 4:15 | Create | Villager (Male) |
| 4:15 | Create | Villager (Male) |
| 4:15 | Create | Villager (Male) |
| 4:31 | Build | House |
| 5:26 | Build | Lumber Camp |
| 5:32 | Create | Villager (Male) |
| 6:03 | Create | Villager (Male) |
| 6:38 | Build | Mill |
| 6:58 | Create | Villager (Male) |
| 7:09 | Research | Loom |
| 7:09 | Research | Loom |
| 7:12 | Research | Feudal Age |
| 7:12 | Research | Feudal Age |
| 7:42 | Build | Mining Camp |
| 9:48 | Create | Villager (Male) |
| 9:49 | Create | Villager (Male) |
| 10:06 | Age | Feudal Age |
| 10:09 | Build | Market |
| 10:15 | Build | Blacksmith |
| 10:25 | Build | Mining Camp |
| 10:35 | Build | House |
| 11:27 | Research | Castle Age |
| 11:28 | Research | Castle Age |
| 11:28 | Research | Castle Age |
| 11:49 | Build | House |
| 13:23 | Research | Fletching |
| 13:24 | Research | Fletching |
| 13:59 | Create | Villager (Male) |
| 14:07 | Age | Castle Age |
| 14:21 | Build | Castle |
| 14:36 | Create | Villager (Male) |
| 14:58 | Build | Lumber Camp |
| 15:08 | Create | Mangudai |
| 15:11 | Create | Villager (Male) |
| 15:27 | Create | Villager (Male) |
| 15:27 | Create | Villager (Male) |
| 15:28 | Create | Villager (Male) |
| 15:56 | Create | Mangudai |
| 15:56 | Create | Mangudai |
| 15:56 | Create | Mangudai |
| 16:10 | Create | Mangudai |
| 16:10 | Create | Mangudai |
| 16:36 | Create | Mangudai |
| 16:58 | Create | Villager (Male) |
| 16:59 | Create | Villager (Male) |
| 17:01 | Create | Mangudai |
| 17:25 | Create | Mangudai |
| 17:31 | Build | Farm |
| 17:32 | Build | Farm |
| 17:33 | Build | Farm |
| 17:50 | Create | Villager (Male) |
| 18:10 | Create | Mangudai |
| 18:26 | Build | Farm |
| 18:26 | Create | Villager (Male) |
| 18:27 | Create | Villager (Male) |
| 18:28 | Build | Farm |
| 18:29 | Create | Mangudai |
| 18:29 | Create | Mangudai |
| 18:46 | Build | Farm |
| 19:06 | Build | Farm |
| 19:11 | Create | Mangudai |
| 19:11 | Create | Mangudai |
| 19:18 | Create | Villager (Male) |
| 19:18 | Create | Villager (Male) |
| 19:24 | Create | Mangudai |
| 19:24 | Create | Mangudai |
| 19:42 | Build | Farm |
| 19:46 | Create | Villager (Male) |
| 19:46 | Create | Villager (Male) |
| 19:46 | Create | Villager (Male) |
| 19:48 | Create | Mangudai |
| 19:48 | Create | Mangudai |
| 20:25 | Research | Bodkin Arrow |
| 20:25 | Research | Bodkin Arrow |
| 20:51 | Create | Mangudai |
| 20:51 | Create | Mangudai |
| 20:55 | Build | Farm |
| 21:18 | Create | Mangudai |
| 21:18 | Create | Mangudai |
| 21:18 | Create | Mangudai |
| 21:19 | Create | Villager (Male) |
| 21:19 | Create | Villager (Male) |
| 21:20 | Create | Villager (Male) |
| 21:20 | Create | Villager (Male) |
| 21:22 | Build | Farm |
| 21:55 | Create | Villager (Male) |
| 22:02 | Create | Mangudai |
| 22:07 | Create | Mangudai |
| 22:07 | Create | Mangudai |
| 22:11 | Research | Padded Archer Armor |
| 22:11 | Research | Padded Archer Armor |
| 22:11 | Research | Padded Archer Armor |
| 22:35 | Create | Mangudai |
| 22:36 | Create | Mangudai |
| 22:36 | Create | Mangudai |
| 22:43 | Create | Villager (Male) |
| 22:50 | Build | House |
| 23:17 | Create | Mangudai |
| 23:22 | Create | Villager (Male) |
| 23:25 | Build | University |
| 23:33 | Create | Mangudai |
| 23:33 | Create | Mangudai |
| 23:33 | Create | Mangudai |
| 23:45 | Create | Villager (Male) |
| 23:59 | Create | Mangudai |
| 24:14 | Create | Mangudai |
| 24:28 | Create | Mangudai |
| 24:28 | Create | Mangudai |
| 25:45 | Research | Ballistics |
| 25:45 | Research | Ballistics |
| 25:46 | Create | Villager (Male) |
| 25:46 | Create | Villager (Male) |
| 25:46 | Create | Villager (Male) |
| 25:52 | Create | Mangudai |
| 25:52 | Create | Mangudai |
| 25:52 | Create | Mangudai |
| 26:10 | Create | Mangudai |
| 26:10 | Create | Mangudai |
| 26:10 | Create | Mangudai |
| 26:16 | Build | Farm |
| 26:19 | Create | Villager (Male) |
| 26:19 | Create | Villager (Male) |
| 26:20 | Create | Villager (Male) |
| 26:49 | Create | Villager (Male) |
| 27:16 | Create | Villager (Male) |
| 27:17 | Create | Villager (Male) |
Build order — HR AboKeiTo
First 150 of 237 actions detected
| 0:00 | Create | Villager (Male) |
| 0:02 | Build | House |
| 0:02 | Build | House |
| 0:15 | Create | Villager (Male) |
| 0:16 | Create | Villager (Male) |
| 0:16 | Create | Villager (Male) |
| 1:16 | Create | Villager (Male) |
| 2:01 | Create | Villager (Male) |
| 2:09 | Build | Lumber Camp |
| 2:23 | Create | Villager (Male) |
| 2:52 | Create | Villager (Male) |
| 2:52 | Create | Villager (Male) |
| 3:06 | Build | Palisade Wall |
| 3:07 | Build | House |
| 3:14 | Build | Palisade Wall |
| 3:18 | Create | Villager (Male) |
| 3:53 | Create | Villager (Male) |
| 4:31 | Create | Villager (Male) |
| 4:42 | Create | Villager (Male) |
| 5:27 | Create | Villager (Male) |
| 5:48 | Build | Mining Camp |
| 5:51 | Create | Villager (Male) |
| 6:16 | Research | Loom |
| 6:42 | Research | Feudal Age |
| 6:46 | Build | House |
| 6:48 | Build | Palisade Gate |
| 6:58 | Build | Palisade Gate |
| 8:00 | Build | Barracks |
| 8:45 | Create | Villager (Male) |
| 8:52 | Age | Feudal Age |
| 8:54 | Create | Villager (Male) |
| 9:07 | Build | Archery Range |
| 9:24 | Create | Spearman |
| 9:43 | Create | Villager (Male) |
| 9:45 | Build | House |
| 9:46 | Create | Villager (Male) |
| 9:51 | Build | Palisade Gate |
| 9:53 | Build | Palisade Wall |
| 10:00 | Create | Villager (Male) |
| 10:01 | Create | Archer |
| 10:19 | Create | Archer |
| 10:23 | Build | Mill |
| 10:33 | Build | House |
| 10:39 | Create | Villager (Male) |
| 10:53 | Build | Farm |
| 10:55 | Build | Farm |
| 11:02 | Create | Villager (Male) |
| 11:13 | Create | Archer |
| 11:25 | Build | Farm |
| 11:43 | Create | Archer |
| 11:44 | Create | Villager (Male) |
| 11:46 | Create | Villager (Male) |
| 11:48 | Build | Farm |
| 12:03 | Create | Villager (Male) |
| 12:21 | Create | Villager (Male) |
| 12:34 | Create | Villager (Male) |
| 12:37 | Build | Farm |
| 12:38 | Build | Farm |
| 12:40 | Create | Villager (Male) |
| 12:42 | Build | House |
| 12:43 | Build | House |
| 13:09 | Build | Farm |
| 13:13 | Create | Villager (Male) |
| 13:21 | Create | Archer |
| 14:12 | Create | Villager (Male) |
| 14:26 | Build | Farm |
| 14:27 | Build | Farm |
| 14:29 | Build | House |
| 14:32 | Build | Farm |
| 15:12 | Build | Archery Range |
| 15:20 | Build | House |
| 15:21 | Build | House |
| 15:58 | Create | Villager (Male) |
| 16:00 | Build | Blacksmith |
| 16:15 | Build | House |
| 16:21 | Build | Stone Wall |
| 16:21 | Build | Stone Wall |
| 16:26 | Research | Castle Age |
| 16:27 | Research | Fletching |
| 16:28 | Create | Archer |
| 16:52 | Create | Archer |
| 16:52 | Create | Archer |
| 17:00 | Research | Double-Bit Axe |
| 17:24 | Create | Archer |
| 17:24 | Create | Archer |
| 17:26 | Create | Villager (Male) |
| 17:41 | Build | Lumber Camp |
| 18:05 | Create | Villager (Male) |
| 18:06 | Create | Archer |
| 18:12 | Create | Villager (Male) |
| 18:14 | Build | Farm |
| 18:15 | Create | Archer |
| 18:37 | Create | Archer |
| 18:37 | Create | Archer |
| 18:58 | Build | Farm |
| 19:00 | Build | Farm |
| 19:02 | Research | Horse Collar |
| 19:06 | Age | Castle Age |
| 19:09 | Research | Crossbowman (upgrade) |
| 19:15 | Research | Bodkin Arrow |
| 19:15 | Create | Archer |
| 19:24 | Create | Archer |
| 19:38 | Create | Villager (Male) |
| 19:42 | Build | University |
| 19:44 | Create | Archer |
| 20:06 | Create | Villager (Male) |
| 20:11 | Create | Archer |
| 20:20 | Create | Archer |
| 20:21 | Create | Villager (Male) |
| 20:22 | Build | Palisade Wall |
| 20:23 | Build | Palisade Wall |
| 20:23 | Build | Palisade Wall |
| 20:39 | Create | Archer |
| 20:39 | Create | Archer |
| 20:47 | Create | Villager (Male) |
| 20:56 | Create | Villager (Male) |
| 21:23 | Create | Archer |
| 21:24 | Create | Archer |
| 21:29 | Research | Ballistics |
| 21:31 | Build | House |
| 21:32 | Build | House |
| 21:40 | Build | Watch Tower |
| 21:49 | Build | House |
| 21:50 | Build | House |
| 22:00 | Create | Archer |
| 22:01 | Create | Villager (Male) |
| 22:15 | Create | Archer |
| 22:15 | Create | Archer |
| 22:16 | Create | Archer |
| 22:18 | Create | Villager (Male) |
| 22:25 | Create | Villager (Male) |
| 22:25 | Create | Villager (Male) |
| 22:40 | Create | Archer |
| 22:45 | Research | Wheelbarrow |
| 22:45 | Research | Town Watch |
| 23:14 | Create | Archer |
| 23:14 | Create | Archer |
| 23:15 | Create | Villager (Male) |
| 23:15 | Create | Villager (Male) |
| 23:15 | Create | Archer |
| 23:24 | Research | Padded Archer Armor |
| 23:24 | Research | Padded Archer Armor |
| 23:38 | Create | Villager (Male) |
| 23:39 | Build | Farm |
| 23:40 | Build | Farm |
| 23:42 | Create | Archer |
| 23:50 | Build | Market |
| 23:56 | Create | Archer |
| 23:56 | Create | Archer |
| 23:56 | Create | Archer |
Match timeline
| 3:06 | HR AboKeiTo · wall_segment Palisade Wall x3 |
| 3:14 | HR AboKeiTo · wall_segment Palisade Wall x3 |
| 8:00 | HR AboKeiTo · first_building Barracks |
| 8:52 | HR AboKeiTo · age_up feudal |
| 9:07 | HR AboKeiTo · first_building Archery Range |
| 9:53 | HR AboKeiTo · wall_segment Palisade Wall x2 |
| 10:06 | John II · age_up feudal |
| 11:26 | John II · first_market_sell 100 stone |
| 14:04 | John II · first_market_buy 100 stone |
| 14:07 | John II · age_up castle |
| 14:21 | John II · first_building Castle |
| 16:21 | HR AboKeiTo · wall_segment Stone Wall x1 |
| 16:21 | HR AboKeiTo · wall_segment Stone Wall x1 |
| 19:06 | HR AboKeiTo · age_up castle |
| 20:22 | HR AboKeiTo · wall_segment Palisade Wall x1 |
| 20:23 | HR AboKeiTo · wall_segment Palisade Wall x1 |
| 20:23 | HR AboKeiTo · wall_segment Palisade Wall x1 |
| 25:12 | HR AboKeiTo · first_market_sell 100 food |
| 25:12 | HR AboKeiTo · first_market_buy 100 stone |
| 29:12 | HR AboKeiTo · wall_segment Palisade Wall x1 |
| 30:44 | John II · resign |
[ AI ANALYSIS · 1 CREDIT ]
What really happened in this match?
Wolo.gg analyzes every decision: build order, eco, micro, common mistakes by bracket. Personalized analysis on WhatsApp or Discord in 30 seconds.
Civ guide
Mongols
Perfil
Jugador #5205268